General information
- name: BNet
- type: Ladder team game (AT/RT)
- host: Battle.net
- saver: WizardWitKnives
map: MarketSquare
- players: 8
- length: 29:03
- speed: Fast
- version: 1.26 W3XP
- replay type: Public
» download(171 KB)
Players
team 1 (winner)
Agent-Joe (
pink | 31 APM | 914 actions | 29:03)
6 Demon Hunter
1 Immolation
3 Mana Burn
1 Evasion
1 Metamorphosis
5 Priestess of the Moon
3 Trueshot Aura
2 Searing Arrows
» actions
| Build / train | 73 | |
| Enter build submenu | 21 | |
| Enter hero's abilities submenu | 11 | |
| Remove unit from queue | 3 | |
| Right click | 460 | |
| Select / deselect | 287 | |
| Use ability | 59 | |
914 total
» units
| Wisp | 24 | |
| Chimaera | 11 | |
| Hippogryph | 7 | |
42 total
» upgrades
| Strength of the Wild | 3 | |
| Reinforced Hides | 3 | |
| Corrosive Breath | 1 | |
| Ultravision | 1 | |
| Well Spring | 1 | |
| Nature's Blessing | 1 | |
10 total
» buildings
| Moon Well | 5 | |
| Ancient of War | 3 | |
| Altar of Elders | 1 | |
| Hunter's Hall | 2 | |
| Tree of Ages | 1 | |
| Ancient Protector | 1 | |
| Tree of Eternity | 1 | |
| Ancient of Wind | 1 | |
| Chimaera Roost | 3 | |
| Ancient of Wonders | 1 | |
| Tree of Life | 3 | |
22 total
» build order
00:15 Moon Well
00:34 Ancient of War
01:11 Ancient of War
01:15 Altar of Elders
01:47 Ancient of War
02:10 Hunter's Hall
02:18 Hunter's Hall
02:25 Moon Well
03:04 Tree of Ages
03:25 Ancient Protector
04:22 Moon Well
05:29 Tree of Eternity
05:32 Ancient of Wind
08:09 Chimaera Roost
08:12 Chimaera Roost
08:16 Chimaera Roost
09:43 Moon Well
11:23 Moon Well
12:28 Ancient of Wonders
14:43 Tree of Life
23:07 Tree of Life
25:48 Tree of Life
» items
| Scroll of Town Portal | 4 | |
| Orb of Venom | 1 | |
| Potion of Healing | 1 | |
6 total

»
pMaN (
yellow | 47 APM | 1366 actions | 29:03)
7 Death Knight
1 Death Coil
3 Unholy Aura
2 Death Pact
1 Animate Dead
6 Lich
3 Frost Nova
2 Frost Armor
1 Death and Decay
» actions
| Assign group hotkey | 20 | |
| Basic commands | 2 | |
| Build / train | 70 | |
| Enter build submenu | 22 | |
| Enter hero's abilities submenu | 13 | |
| Right click | 576 | |
| Select / deselect | 199 | |
| Select group hotkey | 401 | |
| Use ability | 63 | |
1366 total
» units
| Acolyte | 12 | |
| Ghoul | 3 | |
| Crypt Fiend | 15 | |
| Frost Wyrm | 8 | |
38 total
» upgrades
| Web | 1 | |
| Freezing Breath | 1 | |
| Creature Carapace | 3 | |
| Creature Attack | 3 | |
8 total
» buildings
| Altar of Darkness | 1 | |
| Ziggurat | 11 | |
| Crypt | 1 | |
| Tomb of Relics | 1 | |
| Graveyard | 1 | |
| Halls of the Dead | 1 | |
| Black Citadel | 1 | |
| Sacrificial Pit | 1 | |
| Boneyard | 2 | |
| Necropolis | 2 | |
| Spirit Tower | 1 | |
23 total
» build order
00:16 Altar of Darkness
00:19 Ziggurat
00:43 Crypt
01:08 Tomb of Relics
01:34 Graveyard
02:28 Ziggurat
03:16 Halls of the Dead
04:42 Ziggurat
05:16 Ziggurat
05:45 Black Citadel
06:19 Sacrificial Pit
09:25 Boneyard
09:27 Boneyard
11:30 Ziggurat
11:32 Ziggurat
13:29 Necropolis
13:31 Ziggurat
13:33 Ziggurat
17:26 Spirit Tower
20:00 Ziggurat
21:38 Necropolis
25:37 Ziggurat
25:38 Ziggurat
» items
| Rod of Necromancy | 3 | |
| Dust of Appearance | 1 | |
| Scroll of Town Portal | 1 | |
| Orb of Corruption | 1 | |
6 total

»
a65768764354357 (
orange | 49 APM | 1416 actions | 29:03)
7 Death Knight
2 Death Coil
3 Unholy Aura
1 Death Pact
1 Animate Dead
1 Dreadlord
1 Sleep
» actions
| Assign group hotkey | 31 | |
| Basic commands | 153 | |
| Build / train | 97 | |
| ESC pressed | 3 | |
| Enter build submenu | 20 | |
| Enter hero's abilities submenu | 8 | |
| Remove unit from queue | 6 | |
| Right click | 294 | |
| Select / deselect | 387 | |
| Select group hotkey | 355 | |
| Use ability | 62 | |
1416 total
» units
| Acolyte | 8 | |
| Ghoul | 11 | |
| Crypt Fiend | 24 | |
| Necromancer | 4 | |
| Meatwagon | 3 | |
| Obsidian Statue | 2 | |
| Banshee | 3 | |
55 total
» upgrades
| Unholy Strength | 3 | |
| Unholy Armor | 3 | |
| Creature Attack | 3 | |
| Web | 1 | |
| Necromancer Training | 2 | |
| Skeletal Longevity | 1 | |
| Exhume Corpses | 1 | |
| Skeletal Mastery | 1 | |
| Creature Carapace | 3 | |
| Disease Cloud | 1 | |
19 total
» buildings
| Ziggurat | 8 | |
| Altar of Darkness | 1 | |
| Crypt | 1 | |
| Nerubian Tower | 2 | |
| Graveyard | 1 | |
| Tomb of Relics | 1 | |
| Spirit Tower | 3 | |
| Halls of the Dead | 1 | |
| Temple of the Damned | 2 | |
| Slaughterhouse | 1 | |
| Black Citadel | 1 | |
22 total
» build order
00:07 Ziggurat
00:14 Altar of Darkness
00:38 Crypt
01:02 Nerubian Tower
01:15 Graveyard
01:29 Ziggurat
02:19 Ziggurat
02:37 Nerubian Tower
03:08 Tomb of Relics
03:20 Spirit Tower
04:24 Halls of the Dead
05:55 Ziggurat
06:53 Temple of the Damned
06:59 Temple of the Damned
08:21 Slaughterhouse
08:23 Ziggurat
09:12 Spirit Tower
10:05 Black Citadel
12:16 Ziggurat
12:21 Ziggurat
14:35 Ziggurat
18:55 Spirit Tower

»
UHOHBACKSTABBER (
teal | 59 APM | 1726 actions | 29:03)
7 Death Knight
3 Death Coil
2 Unholy Aura
1 Death Pact
1 Animate Dead
» actions
| Assign group hotkey | 155 | |
| Basic commands | 113 | |
| Build / train | 102 | |
| ESC pressed | 2 | |
| Enter build submenu | 32 | |
| Enter hero's abilities submenu | 7 | |
| Give item / drop item | 2 | |
| Remove unit from queue | 2 | |
| Right click | 594 | |
| Select / deselect | 282 | |
| Select group hotkey | 293 | |
| Use ability | 142 | |
1726 total
» units
| Acolyte | 20 | |
| Ghoul | 5 | |
| Crypt Fiend | 8 | |
| Frost Wyrm | 5 | |
| Gargoyle | 13 | |
| Obsidian Statue | 9 | |
60 total
» upgrades
| Web | 1 | |
| Creature Attack | 3 | |
| Burrow | 1 | |
| Creature Carapace | 3 | |
| Stone Form | 1 | |
| Freezing Breath | 1 | |
| Destroyer Form | 1 | |
11 total
» buildings
| Ziggurat | 19 | |
| Altar of Darkness | 1 | |
| Crypt | 2 | |
| Nerubian Tower | 1 | |
| Tomb of Relics | 1 | |
| Graveyard | 1 | |
| Halls of the Dead | 1 | |
| Sacrificial Pit | 1 | |
| Spirit Tower | 6 | |
| Necropolis | 3 | |
| Black Citadel | 2 | |
| Boneyard | 3 | |
| Slaughterhouse | 2 | |
43 total
» build order
00:13 Ziggurat
00:36 Altar of Darkness
00:40 Crypt
01:07 Nerubian Tower
01:56 Ziggurat
02:22 Tomb of Relics
02:58 Graveyard
03:20 Crypt
03:37 Halls of the Dead
05:43 Ziggurat
06:02 Sacrificial Pit
06:41 Spirit Tower
06:42 Spirit Tower
06:45 Ziggurat
08:39 Necropolis
10:01 Black Citadel
10:01 Black Citadel
11:46 Ziggurat
11:46 Ziggurat
11:51 Ziggurat
11:53 Ziggurat
12:09 Ziggurat
13:20 Necropolis
13:26 Boneyard
13:27 Boneyard
13:27 Boneyard
15:02 Spirit Tower
16:46 Ziggurat
16:49 Ziggurat
16:52 Ziggurat
17:29 Ziggurat
17:30 Ziggurat
18:24 Spirit Tower
19:13 Spirit Tower
21:42 Necropolis
24:03 Slaughterhouse
24:06 Slaughterhouse
24:17 Ziggurat
24:17 Ziggurat
24:19 Ziggurat
24:19 Ziggurat
24:20 Ziggurat
26:57 Spirit Tower
» items
| Rod of Necromancy | 1 | |
| Dust of Appearance | 1 | |
| Scroll of Town Portal | 2 | |
| Potion of Mana | 4 | |
| Potion of Healing | 2 | |
10 total
team 2 (loser)

»
sc2no.wc4yes (
purple | 8 APM | 246 actions | 29:03)
1 Dreadlord
1 Sleep
» actions
| Assign group hotkey | 36 | |
| Basic commands | 6 | |
| Build / train | 19 | |
| ESC pressed | 1 | |
| Enter build submenu | 5 | |
| Enter hero's abilities submenu | 1 | |
| Right click | 89 | |
| Select / deselect | 48 | |
| Select group hotkey | 35 | |
| Use ability | 6 | |
246 total
» units
» buildings
| Crypt | 1 | |
| Ziggurat | 2 | |
| Altar of Darkness | 1 | |
| Nerubian Tower | 1 | |
| Necropolis | 1 | |
| Halls of the Dead | 2 | |
8 total
» build order
00:22 Crypt
00:25 Ziggurat
00:35 Altar of Darkness
01:21 Nerubian Tower
02:25 Ziggurat
02:58 Necropolis
04:12 Halls of the Dead
04:12 Halls of the Dead

»
robertmedalsy (
green | 48 APM | 1330 actions | 27:36)
7 Blademaster
3 Wind Walk
3 Critical Strike
1 Bladestorm
» actions
| Build / train | 83 | |
| Enter build submenu | 18 | |
| Enter hero's abilities submenu | 7 | |
| Right click | 773 | |
| Select / deselect | 367 | |
| Use ability | 81 | |
1330 total
» units
| Peon | 13 | |
| Grunt | 4 | |
| Troll Headhunter/Berserker | 1 | |
| Shaman | 15 | |
| Tauren | 10 | |
| Troll Batrider | 4 | |
| Hippogryph | 9 | |
| Chimaera | 1 | |
57 total
» upgrades
| Melee Weapons | 2 | |
| Armor | 2 | |
| Shaman Training | 3 | |
| Pulverize | 1 | |
8 total
» buildings
| Altar of Storms | 1 | |
| Orc Burrow | 7 | |
| Barracks | 1 | |
| War Mill | 1 | |
| Stronghold | 1 | |
| Voodoo Lounge | 1 | |
| Fortress | 1 | |
| Great Hall | 1 | |
| Spirit Lodge | 2 | |
| Tauren Totem | 2 | |
| Beastiary | 2 | |
20 total
» build order
00:10 Altar of Storms
00:38 Orc Burrow
01:19 Orc Burrow
01:35 Barracks
02:15 Orc Burrow
02:37 War Mill
04:05 Orc Burrow
04:06 Stronghold
04:38 Voodoo Lounge
06:49 Orc Burrow
06:51 Fortress
07:46 Great Hall
07:51 Spirit Lodge
08:10 Orc Burrow
09:17 Spirit Lodge
09:22 Orc Burrow
09:33 Tauren Totem
09:38 Tauren Totem
19:13 Beastiary
19:22 Beastiary
» items
| Scroll of Town Portal | 4 | |
| Healing Salve | 3 | |
| Orb of Lightning | 1 | |
8 total

»
HCD4Life (
blue | 34 APM | 698 actions | 20:43)
7 Warden
3 Fan of Knives
3 Blink
1 Spirit of Vengeance
» actions
| Assign group hotkey | 14 | |
| Build / train | 60 | |
| ESC pressed | 1 | |
| Enter build submenu | 17 | |
| Enter hero's abilities submenu | 7 | |
| Give item / drop item | 1 | |
| Right click | 234 | |
| Select / deselect | 181 | |
| Select group hotkey | 129 | |
| Use ability | 54 | |
698 total
» units
| Wisp | 20 | |
| Archer | 5 | |
| Hippogryph | 9 | |
| Chimaera | 5 | |
39 total
» upgrades
| Improved Bows | 1 | |
| Strength of the Wild | 2 | |
| Reinforced Hides | 3 | |
| Hippogryph Taming | 1 | |
| Well Spring | 1 | |
| Corrosive Breath | 1 | |
9 total
» buildings
| Moon Well | 9 | |
| Altar of Elders | 1 | |
| Ancient of War | 1 | |
| Tree of Ages | 1 | |
| Ancient of Wonders | 1 | |
| Hunter's Hall | 1 | |
| Ancient of Wind | 2 | |
| Tree of Life | 1 | |
| Tree of Eternity | 1 | |
| Ancient Protector | 1 | |
| Chimaera Roost | 3 | |
22 total
» build order
00:40 Moon Well
00:56 Altar of Elders
01:39 Ancient of War
01:54 Moon Well
02:26 Moon Well
02:45 Tree of Ages
03:07 Ancient of Wonders
03:54 Moon Well
04:30 Moon Well
05:14 Hunter's Hall
05:28 Ancient of Wind
05:30 Ancient of Wind
05:45 Moon Well
06:46 Tree of Life
06:52 Tree of Eternity
07:00 Moon Well
08:13 Moon Well
09:04 Ancient Protector
09:54 Chimaera Roost
09:57 Chimaera Roost
09:58 Chimaera Roost
15:07 Moon Well
» items
WizardWitKnives (
red | 60 APM | 1732 actions | 29:03)
6 Goblin Tinker
3 Pocket Factory
2 Engineering Upgrade
1 Robo-Goblin
6 Paladin
3 Holy Light
2 Divine Shield
1 Resurrection
5 Naga Sea Witch
2 Frost Arrows
3 Forked Lightning
» actions
| Assign group hotkey | 35 | |
| Basic commands | 175 | |
| Build / train | 83 | |
| ESC pressed | 1 | |
| Enter build submenu | 25 | |
| Enter hero's abilities submenu | 17 | |
| Give item / drop item | 4 | |
| Right click | 489 | |
| Select / deselect | 442 | |
| Select group hotkey | 332 | |
| Use ability | 129 | |
1732 total
» units
| Peasant | 8 | |
| Sorceress | 10 | |
| Forest Troll High Priest | 2 | |
| Kobold Geomancer | 1 | |
| Assassin | 2 | |
| Priest | 8 | |
31 total
» upgrades
| Masonry | 3 | |
| Magic Sentry | 1 | |
| Sorceress Training | 2 | |
| Priest Training | 2 | |
8 total
» buildings
| Altar of Kings | 1 | |
| Barracks | 1 | |
| Farm | 7 | |
| Scout Tower | 9 | |
| Arcane Tower | 1 | |
| Lumber Mill | 1 | |
| Keep | 1 | |
| Arcane Vault | 1 | |
| Guard Tower | 2 | |
| Arcane Sanctum | 3 | |
| Castle | 1 | |
| Town Hall | 1 | |
29 total
» build order
00:14 Altar of Kings
00:19 Barracks
00:27 Farm
00:33 Scout Tower
01:06 Arcane Tower
02:03 Lumber Mill
02:30 Farm
03:08 Keep
03:13 Arcane Vault
04:33 Scout Tower
04:36 Scout Tower
04:39 Scout Tower
04:41 Scout Tower
05:35 Guard Tower
05:40 Arcane Sanctum
05:44 Arcane Sanctum
05:48 Arcane Sanctum
07:13 Farm
07:16 Castle
07:35 Farm
07:37 Farm
07:38 Farm
07:41 Farm
11:47 Scout Tower
11:51 Scout Tower
11:54 Scout Tower
12:07 Scout Tower
13:15 Guard Tower
19:24 Town Hall
» items
| Lesser Clarity Potion | 4 | |
| Scroll of Regeneration | 2 | |
| Mechanical Critter | 2 | |
| Potion of Healing | 3 | |
| Scroll of Town Portal | 4 | |
| Orb of Fire | 1 | |
| Staff of Sanctuary | 2 | |
| Orb of Lightning | 1 | |
19 total
Chat log
(00:02 / All) WizardWitKnives: lol hi bruce
(00:05 / All) UHOHBACKSTABBER: OMG PURP
(00:07 / All) UHOHBACKSTABBER: ITS YOU
(00:07 / All) UHOHBACKSTABBER: HAI
(00:08 / All) sc2no.wc4yes: klol
(00:13 / All) sc2no.wc4yes: i did /whois forum before i searched
(00:14 / Allies) HCD4Life: units?
(00:18 / All) sc2no.wc4yes: but seemed empty
(00:19 / All) UHOHBACKSTABBER: sif
(00:24 / All) UHOHBACKSTABBER: we were in there on our bots
(00:27 / All) UHOHBACKSTABBER: bullshit it was empty
(00:41 / All) WizardWitKnives: are you up to smurf searching with us after?
(00:46 / All) sc2no.wc4yes: sure
(00:56 / All) UHOHBACKSTABBER: lol wtf is my ally doing
(00:59 / All) WizardWitKnives: just no crashhack please :P
(01:09 / All) sc2no.wc4yes: if this were solo, you might have set me back
(01:12 / All) sc2no.wc4yes: but its retarded 34v4 rt
(01:17 / All) UHOHBACKSTABBER: inorite
(01:17 / All) sc2no.wc4yes: and i can pull my guys off the mine
(01:19 / All) sc2no.wc4yes: all iw ant
(01:36 / All) UHOHBACKSTABBER: im teelo btw
(01:39 / All) UHOHBACKSTABBER: ghetto is being a jew today
(01:41 / All) UHOHBACKSTABBER: wont play with us
(01:41 / All) WizardWitKnives: pies
(01:58 / All) WizardWitKnives: Accidentally called my lumber peasants to milita
(01:59 / All) WizardWitKnives: lol
(02:05 / All) UHOHBACKSTABBER: THAT FUCKING NAZI MOD WONT LET ME TALK ABOUT WHY HITLER WAS RIGHT
(02:18 / All) pMaN: lol
(02:19 / All) sc2no.wc4yes: whenever i post on his forum i do a hit and run
(02:23 / All) sc2no.wc4yes: and forget about it for 2 weeks
(02:36 / All) UHOHBACKSTABBER: he moderates worse than blizzard
(02:36 / All) UHOHBACKSTABBER: lol
(02:44 / All) UHOHBACKSTABBER: and has the balls to call blizzard nazi mods
(02:57 / All) WizardWitKnives: i don't think he's ever gone on record specifically calling htem nazi mods
(03:10 / All) UHOHBACKSTABBER: lol he used to trash karune all the time
(03:15 / All) UHOHBACKSTABBER: on wgdf
(03:17 / All) WizardWitKnives: Yes, but not a nazi mod
(03:27 / All) UHOHBACKSTABBER: thats just me paraphrasing
(03:43 / All) WizardWitKnives: Eh, he basically was just saying that he was koticks bitch
(03:46 / All) WizardWitKnives: Which isn't false
(03:55 / All) UHOHBACKSTABBER: oh lawl
(03:56 / All) UHOHBACKSTABBER: nice
(04:04 / All) UHOHBACKSTABBER: lol pink
(04:04 / All) UHOHBACKSTABBER: nice
(04:09 / All) sc2no.wc4yes: when u gonna learn noobelf
(04:09 / All) WizardWitKnives: But he has since become independent of him so, good for him
(04:16 / All) UHOHBACKSTABBER: yeah very good pink, try to rush the fourth best player in the game
(04:17 / All) WizardWitKnives: Is pink still trying that shit
(04:25 / All) pMaN: LOL
(04:55 / All) pMaN: LOL
(04:57 / All) pMaN: wow
(05:00 / All) UHOHBACKSTABBER: gah gotta remember to get an aoe hero on this map
(05:03 / All) UHOHBACKSTABBER: stupid noob knights
(05:09 / All) WizardWitKnives: Ah
(05:15 / All) WizardWitKnives: Pink's just trying to lower his ELL that's all
(05:17 / All) UHOHBACKSTABBER: just lost my DK to creeps, heh
(05:20 / All) WizardWitKnives: He's rarely getting games probably
(05:27 / All) UHOHBACKSTABBER: true
(06:14 / All) WizardWitKnives: noob knights?
(06:17 / Allies) robertmedalsy: blue ill help then u help me
(06:20 / All) WizardWitKnives: not following
(06:21 / All) UHOHBACKSTABBER: wow my team hasnt even as much as scouted our expos let alone creeped them
(06:27 / All) UHOHBACKSTABBER: if ghetto was here he would have four expos by now
(06:30 / All) WizardWitKnives: lol
(08:07 / All) UHOHBACKSTABBER: arrgh these fucking creeps as undead i swear
(08:19 / All) WizardWitKnives: whats the problem
(08:27 / All) UHOHBACKSTABBER: keep losing my DK to creeps, lul
(08:30 / All) WizardWitKnives: ah
(09:10 / All) pMaN: LOL
(09:13 / All) UHOHBACKSTABBER: oh pies
(09:17 / All) WizardWitKnives: :P
(09:19 / All) UHOHBACKSTABBER: sif do my nelf strat as human
(09:30 / All) UHOHBACKSTABBER: reported
(10:02 / All) WizardWitKnives: it would have worked too if orange didn't make units
(10:09 / All) UHOHBACKSTABBER: lawl
(12:21 / All) UHOHBACKSTABBER: hey purp
(12:26 / All) UHOHBACKSTABBER: shouldnt you be kicking my ass right now?
(12:28 / All) UHOHBACKSTABBER: whats taking so long
(12:33 / Allies) WizardWitKnives: yellows here
(12:37 / Allies) WizardWitKnives: oj is there
(13:10 / Allies) WizardWitKnives: backin gout
(13:42 / Allies) robertmedalsy: purple made no units
(13:43 / Allies) robertmedalsy: lol
(13:51 / All) UHOHBACKSTABBER: whats going on pies
(13:52 / All) WizardWitKnives: oh
(13:52 / All) WizardWitKnives: Shit
(13:54 / All) UHOHBACKSTABBER: i thought purp was pro
(13:54 / All) WizardWitKnives: yeah
(13:56 / All) WizardWitKnives: I guess he didn't
(13:56 / All) WizardWitKnives: Lol
(14:13 / All) WizardWitKnives: Yeah I dunno
(14:26 / All) WizardWitKnives: Whenever I said "hey bruce" when I saw him he usually either left or bsed
(14:44 / All) UHOHBACKSTABBER: hes brucewillisusa?
(14:47 / All) WizardWitKnives: yeah
(14:54 / All) UHOHBACKSTABBER: hah
(15:15 / All) WizardWitKnives: He invincible building hacked me smurfing as karune once :P
(15:21 / All) UHOHBACKSTABBER: lawl
(15:23 / Allies) robertmedalsy: nlueee
(15:24 / Allies) robertmedalsy: tpp
(15:27 / All) UHOHBACKSTABBER: yeah i think you told me that once
(15:32 / All) WizardWitKnives: Probably did
(16:07 / All) UHOHBACKSTABBER: heh
(16:13 / All) UHOHBACKSTABBER: guess that happens when I dont help my allies
(16:21 / All) WizardWitKnives: keep doing so, make it even lol
(16:31 / All) UHOHBACKSTABBER: 'k just dont attack me
(16:35 / All) WizardWitKnives: Fine
(17:40 / All) WizardWitKnives: damn
(17:43 / All) WizardWitKnives: You actually took bases hmm
(18:48 / All) WizardWitKnives: Anyweay
(18:54 / All) WizardWitKnives: Don't think I didn't see that orange
(19:05 / All) WizardWitKnives: Good boy
(19:52 / Allies) WizardWitKnives: tping to green
(20:46 / Allies) robertmedalsy: ty
(20:48 / All) WizardWitKnives: why
(20:50 / All) WizardWitKnives: lol
(20:53 / All) UHOHBACKSTABBER: why what
(20:57 / All) WizardWitKnives: Wonder why blue left
(21:09 / All) UHOHBACKSTABBER: good question
(21:36 / All) UHOHBACKSTABBER: btw we have all air now if you want to counter it
(21:43 / All) WizardWitKnives: Nah i'm good
(22:00 / All) UHOHBACKSTABBER: from our comp, tanks would fuck us up
(22:06 / All) WizardWitKnives: eh
(22:10 / All) WizardWitKnives: too much effort
(22:14 / All) UHOHBACKSTABBER: 'k
(22:44 / Allies) robertmedalsy: tpp
(22:52 / All) WizardWitKnives: y
(22:52 / Allies) WizardWitKnives: yeah
(22:53 / Allies) WizardWitKnives: go green
(24:11 / All) UHOHBACKSTABBER: guess Im getting destroyers then
(24:21 / All) WizardWitKnives: gee that'd suck
(24:22 / Allies) robertmedalsy: heall
(24:53 / All) UHOHBACKSTABBER: lawl green with 2 bats
(25:02 / All) UHOHBACKSTABBER: i have a shade in all your bases fyi
(25:10 / All) WizardWitKnives: Tjhat's fine
(26:00 / Allies) robertmedalsy: red come
(26:40 / Allies) WizardWitKnives: counter
(27:30 / Allies) robertmedalsy: gg
(27:30 / Allies) WizardWitKnives: damn
(27:39 / All) WizardWitKnives: yeah
(27:41 / All) WizardWitKnives: Game I guess
(27:43 / All) pMaN: LOL
(27:45 / All) UHOHBACKSTABBER: yeah
(27:58 / All) pMaN: LOL
(28:07 / All) UHOHBACKSTABBER: sorry yellow I dont see what so funny
(28:08 / All) WizardWitKnives: Ghetto back from stuff tyet?
(28:13 / All) UHOHBACKSTABBER: want me to backstab you or are you gonna shut up
(28:20 / All) WizardWitKnives: He just finds it hilarious that he won without doing a single thing
(28:26 / All) UHOHBACKSTABBER: ah
(28:42 / All) WizardWitKnives: new?